 Dungeon Crawl Stone Soup version 0.28-a0-1567-g1695149f81 (webtiles) character file.

Game seed: 12369022149455238874

154 southernslant the Conjurer (level 5, 0/41 HPs)
             Began as a Draconian Conjurer on Jan 19, 2022.
             Slain by a tarantella (6 damage)
             ... summoned by a worldbinder
             ... on level 3 of the Abyss.
             The game lasted 00:10:38 (2551 turns).

southernslant the Conjurer (Draconian Conjurer)     Turns: 2551, Time: 00:10:39

Health: 0/41       AC:  7    Str: 12    XL:     5   Next: 13%
Magic:  9/9        EV: 12    Int: 18    God:
Gold:   77         SH:  0    Dex:  9    Spells: 3/9 levels left

rFire   . . .      SeeInvis .   s - +2 rapier (venom)
rCold   . . .      Faith    .   (no shield)
rNeg    . . .      Spirit   .   (armour unavailable)
rPois   .          Reflect  .   (helmet restricted)
rElec   .          Harm     .   j - +0 cloak
rCorr   .          Rampage  .   (no gloves)
Will    .....                   q - +0 pair of boots
Stlth   +.........              (no amulet)
HPRegen 0.13/turn               (no ring)
MPRegen 0.11/turn               (no ring)

@: confused, lethally poisoned (0 -> -39), slowed, very slow
A: AC +5, unfitting armour, cold-blooded
a: no special abilities


You were on level 3 of the Abyss.
You visited 1 branch of the dungeon, and saw 3 of its levels.
You visited the Abyss 1 time.

You collected 77 gold pieces.

Inventory:

Hand Weapons
 f - a +1 vorpal hand axe
 o - a +3 dagger of distortion
 s - a +2 rapier of venom (weapon)
Missiles
 a - 10 poisoned darts (quivered)
 b - 66 stones
Armour
 h - a scarf of shadows
 j - a +0 cloak (worn)
 q - a +0 pair of boots (worn)
Magical Staves
 k - a staff of conjuration
Scrolls
 c - a scroll of holy word {unknown}
 d - a scroll of vulnerability {unknown}
 e - 3 scrolls of teleportation {unknown}
 i - a scroll of acquirement {unknown}
 l - 3 scrolls of enchant armour {unknown}
 n - a scroll of summoning {unknown}
 r - a scroll of identify {unknown}
Potions
 g - a potion of cancellation {unknown}
 m - 2 potions of curing {unknown}
 p - a potion of attraction {unknown}


   Skills:
 * Level 2.0 Fighting
 * Level 1.4 Short Blades
 + Level 0.7 Throwing
 * Level 2.8 Dodging
 + Level 2.2 Stealth
 - Level 0.3 Unarmed Combat
 * Level 2.7 Spellcasting
 + Level 4.2 Conjurations
 + Level 0.0 Evocations


You had 3 spell levels left.
You knew the following spells:

 Your Spells              Type           Power      Damage    Failure   Level
a - Magic Dart            Conj           68%        1d6       3%          1
b - Searing Ray           Conj           34%        2d5       4%          2
c - Dazzling Flash        Conj/Hex       20%        N/A       22%         3

Your spell library contained the following spells:

 Spells                   Type           Power      Damage    Failure   Level
 Fulminant Prism          Conj/Hex       5%         3d7       56%         4
 Iskenderun's Mystic Bla  Conj/Tloc      10%        2d4       56%         4


Dungeon Overview and Level Annotations

Branches:
Dungeon (3/15)

Altars:


Innate Abilities, Weirdness & Mutations

Your plain brown scales are hard. (AC +5)
You cannot fit into any form of body armour.
You are cold-blooded and may be slowed by cold attacks.


Message History

You are cast into the Abyss!
This branch contains the abyssal rune of Zot.
Found two gateways leading deeper into the Abyss.
There is a gateway leading deeper into the Abyss, spattered with blood here.
You plunge deeper into the Abyss.
The abyssal rune of Zot can be found at this depth.
You are suddenly pulled into a different region of the Abyss!
A small abomination comes into view.
A thrashing horror comes into view. x2
You hear a chilling moan.
The worldbinder misses you.
The worldbinder hits you but does no damage.
The worldbinder hits you but does no damage. x2
The worldbinder barely misses you. x2
The worldbinder calls forth creatures from the Spider Nest!
The guardian serpent shouts!
You hit the wolf spider.
The wolf spider is poisoned.
The wolf spider is lightly wounded.
The guardian serpent casts a spell at you.
You feel yourself slow down. The worldbinder misses you.
The worldbinder barely misses you. The wolf spider closely misses you. x2
The orb spider pulsates with a strange energy.
The guardian serpent casts a spell at you.
The tarantella blinks!
The orb spider blinks!
You hit the orb spider.
The orb spider is lightly wounded.
The wolf spider hits you!
The wolf spider bites you but does no damage.
The worldbinder hits you but does no damage.
The worldbinder hits you. The tarantella touches you.
You are confused.
The wolf spider closely misses you. The wolf spider bites you.
* * * LOW HITPOINT WARNING * * *
You are lethally poisoned!
The wolf spider poisons you!
The worldbinder hits you but does no damage.
The worldbinder hits you.
* * * LOW HITPOINT WARNING * * *
The tarantella touches you.
You die...

. #.... ##. #
.#. #.. #.# ##
#.# #.. ###
#.###### # ..#
#..... ...
#s#####..### ..#
#s@{S......# ..#
##sx........#. .
#.§.......... ..
#..§............
#.#......#######
..........# .
...........# ..
#.##.##.#..# .
....


You could see a wolf spider (summoned, very poisoned), a guardian serpent, an
orb spider (summoned, charged), a worldbinder and a tarantella (summoned).

Vanquished Creatures
  An iguana (D:3)
  A gnoll (D:1)
  4 adders
  2 worms (D:2)
  2 dart slugs (D:2)
  9 orcs (D:3)
  An endoplasm (D:1)
  10 giant cockroaches
  5 goblins
  3 hobgoblins
  5 kobolds
  4 quokkas
  3 ball pythons (D:2)
  A bat (D:2)
  A frilled lizard (D:3)
  5 rats
57 creatures vanquished.

Notes
Turn   | Place    | Note
-------+----------+-------------------------------------------
     0 | D:1      | southernslant the Draconian Conjurer began the quest for
                  | the Orb.
     0 | D:1      | Reached XP level 1. HP: 14/14 MP: 3/3
   148 | D:1      | Reached XP level 2. HP: 22/22 MP: 1/5
   195 | D:1      | Found a faded altar of an unknown god.
   268 | D:1      | Reached skill level 1 in Fighting
   326 | D:1      | Learned a level 2 spell: Searing Ray
   772 | D:1      | Reached XP level 3. HP: 28/28 MP: 6/6
  1330 | D:2      | Reached skill level 1 in Short Blades
  1669 | D:2      | Reached XP level 4. HP: 35/35 MP: 3/7
  2201 | D:3      | Reached XP level 5. HP: 41/41 MP: 9/9
  2416 | D:3      | Learned a level 3 spell: Dazzling Flash
  2434 | D:3      | Cast into level 2 of the Abyss (unwielding a weapon of
                  | distortion)
  2533 | Abyss:3  | Noticed a thrashing horror
  2533 | Abyss:3  | Noticed a thrashing horror
  2546 | Abyss:3  | Noticed a worldbinder
  2546 | Abyss:3  | Noticed a guardian serpent
  2550 | Abyss:3  | Noticed a tarantella
  2550 | Abyss:3  | Noticed an orb spider
  2550 | Abyss:3  | Noticed a wolf spider
  2551 | Abyss:3  | Slain by a tarantella

Illustrated notes

Levels and vault maps discovered:
D:1:      dpeg_arrival_tiny_i, layout_loops_cross,
          dreamdust_ecumenical_altar_grove, serial_glass, glass_columns_a,
          glass_columns_a
D:2:      minmay_roachtagon, layout_basic
D:3:      layout_basic, ebering_ghost_reflecting_pool
Abyss:3:  base: D:2, base: D:1, hangedman_abyss_sting, hangedman_steaming_rock

Skill      XL: |  1  2  3  4  5 |
---------------+----------------+-----
Dodging        | 2 |  2.8
Fighting       | 1 2 |  2.0
Stealth        | 2 |  2.2
Short Blades   | 1 |  1.4
Throwing       | |  0.7
Unarmed Combat | |  0.3
Spellcasting   | |  2.7
Conjurations   | |  4.2

Action                   |  1- 3 |  4- 6 || total
-------------------------+-------+-------++-------
Melee: Dagger            |    63 |    41 ||   104
       Tailslap          |     6 |     1 ||     7
       Rapier            |       |     2 ||     2
Throw: Dart              |       |     2 ||     2
 Cast: Magic Dart        |     8 |     9 ||    17
       Searing Ray       |     5 |     1 ||     6
 Stab: Sleeping          |     5 |       ||     5
Armor: Skin              |    20 |    14 ||    34
Dodge: Dodged            |    44 |    19 ||    63

Table legend: (Time is in decaauts)
 A = Elapsed time spent in this place.
 B = Non-inter-level travel time spent in this place.
 C = Inter-level travel time spent in this place.
 D = Time resting spent in this place.
 E = Time spent auto-exploring this place.
 F = Levels seen in this place.
 G = Mean time per level.
                   A        B        C        D        E       F      G
               +--------+--------+--------+--------+--------+-----+--------+
         Total |   2543 |   2510 |     33 |      0 |   1947 |   5 |  508.6 |
       Dungeon |   2427 |   2394 |     33 |      0 |   1911 |   3 |  809.0 |
         Abyss |    116 |    116 |      0 |      0 |     36 |   2 |   58.0 |
               +--------+--------+--------+--------+--------+-----+--------+

Top non-repeatable levels by time:
     D:2: 1243 daAuts
     D:1: 788 daAuts
     D:3: 395 daAuts
 Abyss:3: 113 daAuts
 Abyss:2: 2 daAuts
